Map: Chantier naval orbital

Players

AgCl

  • Race: Protoss Protoss
  • League: Silver

HolmanE - Winner!

  • Race: Zerg Zerg
  • League: Bronze

VOD

Have the link to the VOD?

Description

Time

  • Played on: July 14, 2015, 5:06 a.m.
  • Length: 5:02
Show
View Real Time Build Order
Export as new Build Order

AgCl Protoss 

Build Orders: 1 Gate Expand, Oracle Opening 

Get SALT Encoding   

  12  0:02  Probe  
  13  0:22  Pylon  
  13  0:28  Probe  
  14  0:44  Gateway  
  14  0:48  Probe  
  15  0:52  Assimilator  
  15  1:00  Probe  
  15  1:01  Assimilator  
  16  1:12  Probe (Chrono Boost)  
  17  1:24  Probe (Chrono Boost)  
  18  1:30  Probe (Chrono Boost)  
  19  1:34  Zealot (Chrono Boost)  
  21  1:44  Nexus  
  21  1:47  Probe (Chrono Boost)  
  22  2:04  Cybernetics Core  
  22  2:10  Pylon  
  22  2:28  Probe  
  23  2:40  Probe (Chrono Boost)  
  24  2:45  Stargate  
  22  2:52  Probe (Chrono Boost), Pylon  
  22  2:55  Assimilator  
  23  3:00  Probe (Chrono Boost)  
  23  3:01  Probe (Chrono Boost)  
  27  3:13  Mothership Core (Chrono Boost)  
  27  3:16  Probe (Chrono Boost)  
  28  3:26  Probe (Chrono Boost)  
  29  3:28  Probe (Chrono Boost), Oracle  
  33  3:36  Probe  
  33  3:41  Pylon  
  33  3:49  Probe  
  33  3:50  Probe  
  35  4:01  Probe  
  35  4:02  Probe  
  34  4:13  Probe  
  35  4:20  Fleet Beacon  
  37  4:24  Probe  
  37  4:26  Probe  
  39  4:36  Probe  
  39  4:38  Pylon  
  40  4:40  Probe  
  40  4:44  Pylon  
  41  4:47  Pylon  
  41  4:50  Pylon  
Show
View Real Time Build Order
Export as new Build Order

HolmanE Zerg - Winner!

Build Orders: Hatch First 

Get SALT Encoding   

  12  0:01  Drone  
  13  0:12  Overlord  
  13  0:19  Drone  
  14  0:30  Drone x2  
  14  0:34  Drone  
  17  0:48  Drone  
  18  0:56  Hatchery  
  17  0:58  Drone  
  18  1:13  Spawning Pool  
  18  1:15  Drone  
  18  1:21  Drone  
  18  1:22  Extractor  
  18  1:28  Drone  
  19  1:39  Drone  
  20  1:52  Hatchery  
  19  1:59  Queen  
  21  2:03  Zergling x2  
  22  2:13  Drone x3  
  25  2:20  Overlord  
  25  2:26  Zergling x2  
  25  2:30  Metabolic Boost  
  25  2:37  Zergling x4  
  27  2:52  Queen  
  27  2:55  Drone x4  
  33  3:05  Drone x3  
  36  3:13  Drone x2  
  36  3:14  Drone x2  
  36  3:18  Drone  
  36  3:19  Drone  
  42  3:24  Overlord  
  41  3:42  Queen, Zergling x2  
  43  3:49  Overlord  
  43  3:50  Zergling x4  
  43  3:51  Zergling x8  
  48  3:59  Spore Crawler x2  
  48  4:01  Spore Crawler  
  45  4:05  Zergling x10  
  52  4:10  Drone x4  
  52  4:14  Zergling x6  
  55  4:45  Drone x3  
  57  4:56  Hatchery  
Tags
 
Add a new tag
Caveats
  • Supply blocks, unpowered buildings, or Contaminate may cause inaccurate times.
  • Supply counts are checked every 10 seconds.